Description

asdasdasd

Replay - GuMiho v ShoWTimE: Game 1 - [EWC] Alcyone

Build Order

Get SALT Encoding   

  12  0:00  Probe  
  13  0:12  Probe  
  14  0:17  Pylon  
  14  0:24  Probe (Chrono Boost)  
  15  0:35  Gateway  
  15  0:36  Probe (Chrono Boost)  
  16  0:45  Probe (Chrono Boost), Assimilator  
  17  0:50  Probe  
  18  1:03  Probe  
  19  1:15  Probe  
  20  1:21  Cybernetics Core  
  20  1:30  Nexus  
  20  1:32  Probe  
  20  1:39  Pylon  
  21  1:45  Probe  
  22  1:47  Assimilator  
  22  1:55  Adept (Chrono Boost)  
  22  2:00  Warp Gate  
  25  2:15  Adept (Chrono Boost)  
  29  2:22  Twilight Council  
  30  2:41  Stalker  
  36  3:02  Gateway, Blink (Chrono Boost)  
  39  3:21  Robotics Facility  
  41  3:29  Gateway  
  43  3:36  Pylon  
  43  3:42  Assimilator  
  45  3:54  Stalker x2  
  47  3:58  Pylon  
  51  4:06  Warp Prism (Chrono Boost)  
  53  4:20  Pylon  
  53  4:23  Stalker x3  
  59  4:37  Observer  
  61  4:43  Nexus  
  61  4:56  Stalker x3  
  69  5:01  Observer  
  70  5:24  Stalker  
  78  5:35  Robotics Bay  
  78  5:37  Forge  
  78  5:44  Charge  
  78  5:47  Observer  
  83  6:02  Sentry  
  83  6:04  Shield Battery  
  87  6:10  Gateway x2  
  88  6:14  Assimilator, Protoss Ground Weapons Level 1 (Chrono Boost)  
  91  6:20  Colossus (Chrono Boost)  
  98  6:35  Zealot x2  
  101  6:45  Gateway x3  
  103  6:49  Zealot  
  103  6:50  Extended Thermal Lance  
  105  7:03  Colossus (Chrono Boost)  
  105  7:06  Shield Battery, Observer  
  109  7:11  Zealot x5  
  117  7:21  Nexus  
  117  7:29  Shield Battery  
  120  7:40  Zealot x2  
  120  7:43  Shield Battery  
  128  7:45  Sentry x2  
  128  7:50  Colossus  
  143  8:01  Forge  
  143  8:11  Protoss Ground Weapons Level 2 (Chrono Boost)  
  144  8:18  Robotics Facility  
  158  8:37  Nexus, Protoss Ground Armor Level 1 (Chrono Boost)  
  158  8:46  Disruptor (Chrono Boost)  
  166  8:59  Observer  
  168  9:14  Disruptor x2 (Chrono Boost)  
  168  9:15  Photon Cannon  
  176  9:24  Photon Cannon, Observer  
  176  9:28  Shield Battery  
  182  9:47  Disruptor x2 (Chrono Boost)  
  188  9:58  Gateway  
Spawning Tool Build Advisor. Get it on Overwolf

Analysis

asDASD

Go to:

Details

  • Created by: asdaasdsdgg
  • Published on: Oct 30, 2024
  • Modified on: Oct 30, 2024
  • Patch: 5.0.11
  • Difficulty: Easy
Show
View Real Time Build Order
Export as new Build Order

Comments (0)

There are no comments. Be the first!

Create an account to comment!